 Dungeon Crawl Stone Soup version 0.24-a0-486-ged8816983f (webtiles) character file.

Game seed: 2558603905271625291

4074 gruber the Blocker (level 10, -2/49 HPs)
             Began as a Vine Stalker Fighter on July 9, 2019.
             Was a Priest of Okawaru.
             Slain by an unseen horror (6 damage)
             ... on level 10 of the Dungeon.
             The game lasted 00:09:38 (5105 turns).

gruber the Blocker (Vine Stalker Fighter)           Turns: 5105, Time: 00:09:38

Health: -2/49      AC:  9    Str: 22    XL:     10   Next: 25%
Magic:  0/29       EV:  9    Int: 11    God:    Okawaru [***...]
Gold:   338        SH: 13    Dex: 14    Spells: 9/9 levels left

rFire    . . .     SeeInvis .   a - +0 long sword
rCold    . . .     Gourm    .   c - +0 shield
rNeg     . . .     Faith    .   b - +0 scale mail
rPois    .         Spirit   +   x - +1 helmet {Int+3}
rElec    .         Reflect  +   (no cloak)
rCorr    .         Harm     .   (no gloves)
MR       +....                  (no boots)
Stlth    ..........             q - +2 amulet of reflection
HPRegen  0.56/turn              v - ring of magical power
MPRegen  0.21/turn              o - ring of magical power

@: drained
A: fangs 3, regeneration 1, magic shield, antimagic bite, no potion heal 3, rot
immunity
a: Heroism, Renounce Religion


You were on level 10 of the Dungeon.
You worshipped Okawaru.
Okawaru was most pleased with you.
You were very hungry.

You visited 2 branches of the dungeon, and saw 11 of its levels.
You also visited: Ossuary.

You collected 338 gold pieces.

Inventory:

Hand Weapons
 a - a +0 long sword (weapon)
Armour
 b - a +0 scale mail (worn)
 c - a +0 shield (worn)
 x - a +1 helmet of intelligence (worn)
Jewellery
 j - an uncursed ring of see invisible
 o - a ring of magical power (right hand)
 q - a +2 amulet of reflection (around neck)
 t - an uncursed ring of flight
 v - a ring of magical power (left hand)
Wands
 G - a wand of scattershot (9)
Scrolls
 g - 3 scrolls of magic mapping {unknown}
 k - 5 scrolls of remove curse {unknown}
 l - 9 scrolls of identify
 p - a scroll of enchant armour {unknown}
 r - a scroll of fear {unknown}
 s - 2 scrolls of amnesia {unknown}
 u - 3 scrolls of teleportation {unknown}
 y - 2 scrolls of fog {unknown}
 A - a scroll of immolation {unknown}
 D - a scroll of blinking {unknown}
 E - a scroll of torment {unknown}
 F - a scroll of holy word {unknown}
 H - 2 scrolls of enchant weapon {unknown}
Potions
 d - 3 potions of might
 e - 5 potions of heal wounds {unknown}
 h - a potion of berserk rage {unknown}
 i - 4 potions of degeneration {unknown}
 m - a potion of lignification {unknown}
 n - 6 potions of agility {unknown}
 w - 4 potions of haste {unknown}
 z - a potion of resistance {unknown}
 B - 3 potions of curing
 C - 2 potions of mutation {unknown}
 I - a potion of flight {unknown}
Comestibles
 f - 14 rations


   Skills:
 + Level 3.8(3.2) Fighting
 - Level 8.0(7.4) Long Blades
 * Level 5.1(4.5) Armour
 * Level 2.7(2.1) Dodging
 - Level 9.0(8.3) Shields


You had 9 spell levels left.
You didn't know any spells.
Your spell library contained the following spells:

 Spells                   Type           Power        Failure   Level  Hunger
 Beastly Appendage        Tmut           #.....       91%         1    ##.....
 Sticks to Snakes         Tmut           #.......     97%         2    ###....
 Spider Form              Tmut/Pois      #.........   99%         3    ####...
 Ice Form                 Ice/Tmut       #.......     100%        4    #####..
 Blade Hands              Tmut           #.........   100%        5    ######.


Dungeon Overview and Level Annotations

Branches:
Dungeon (10/15)            Temple (1/1) D:4
   Lair: D:8-11         Orc: D:9-12

Altars:
Ashenzari
Gozag
Okawaru
Ru
Sif Muna
Uskayaw
Xom
Yredelemnul

Shops:
D:5 %

Annotations:
D:9 3 runed translucent doors, mhoghedin's ghost, novice DrIE


Innate Abilities, Weirdness & Mutations

You have razor-sharp teeth.
Your natural rate of healing is unusually fast.
When hurt, damage is shared between your health and your magic reserves.
Your bite disrupts and absorbs the magic of your enemies.
Potions cannot restore your health.
You are immune to rotting.


Message History

Something hits you.
* * * LOW HITPOINT WARNING * * *
Something hits you.
* * * LOW HITPOINT WARNING * * *
You closely miss something. Your bite misses something.
Something hits you but does no damage. You block something's attack.
You hit something but do no damage. You bite something. You drain its power.
You feel invigorated. Something hits you but does no damage.
You closely miss something. You bite something. You drain its power.
You feel invigorated. Something hits you!
* * * LOW HITPOINT WARNING * * *
Something hits you but does no damage.
You closely miss something. You bite something.
Something hits you but does no damage.
You swing at nothing.
You closely miss something. Your bite misses something.
Something completely misses you.
You swing at nothing.
You block something's attack.
You swing at nothing.
Something hits you!
You die...

.......<.......
#######..###### #..#
#..# ########..#
..........#######
.................
#########.###### #@# #)#
#.#
#############.##########
........................
........................
#####..#######...######
#.................
...................


There were no monsters in sight!

Vanquished Creatures
  Eustachio (D:4)
  2 hungry ghosts (D:9)
  An ice beast (D:7)
  A sky beast (D:5)
  3 orc warriors
  4 ogres
  A necrophage (D:6)
  A phantom (D:9)
  6 centaurs
  3 elf zombies (Ossuary)
  A bullfrog (D:7)
  A gnoll sergeant (D:6)
  4 scorpions
  3 wights (D:10)
  3 howler monkeys
  A bullfrog zombie (D:9)
  2 centaur zombies (Ossuary)
  4 crimson imps
  2 hounds
  7 human zombies (Ossuary)
  An orc priest (D:6)
  4 bullfrog skeletons
  A centaur skeleton (D:4)
  5 orc wizards
  An iguana (D:5)
  3 worker ants
  A hound skeleton (D:5)
  3 mummies (Ossuary)
  A howler monkey zombie (D:7)
  Robin (D:4)
  11 gnolls
  A howler monkey skeleton (D:4)
  11 adders
  2 adder zombies
  3 worms (D:2)
  A dart slug (D:1)
  6 leopard geckos
  25 orcs
  3 ball pythons
  2 giant cockroaches
  13 hobgoblins
  20 jackals
  3 quokkas
  10 bats
  2 frilled lizards
  2 gnoll zombies (D:6)
  16 goblins
  A jackal skeleton (D:6)
  A jackal zombie (D:6)
  5 kobolds
  14 rats
224 creatures vanquished.

Vanquished Creatures (others)
  A centaur (D:9)
  A goblin (D:4)
2 creatures vanquished.

Grand Total: 226 creatures vanquished

Notes
Turn   | Place    | Note
-------+----------+-------------------------------------------
     0 | D:1      | gruber the Vine Stalker Fighter began the quest for the
                  | Orb.
     0 | D:1      | Reached XP level 1. HP: 11/11 MP: 2/2
    90 | D:1      | Reached XP level 2. HP: 16/16 MP: 3/3
   160 | D:1      | Reached XP level 3. HP: 7/19 MP: 4/4
   667 | D:2      | Gained mutation: Your natural rate of healing is unusually
                  | fast. [Vine Stalker growth]
   667 | D:2      | Reached XP level 4. HP: 16/23 MP: 5/5
  1592 | D:3      | Reached XP level 5. HP: 27/27 MP: 6/6
  1943 | D:3      | Reached skill level 5 in Long Blades
  1982 | D:4      | Noticed an ogre
  1986 | D:4      | Noticed Robin
  1995 | D:3      | Killed an ogre
  1995 | D:3      | Reached XP level 6. HP: 32/32 MP: 7/7
  2024 | D:4      | Killed Robin
  2181 | D:4      | Reached XP level 7. HP: 32/35 MP: 8/8
  2229 | D:4      | Got a translucent spear
  2230 | D:4      | Identified the cursed +3 spear "Jellybane" {holy, rElec rF+
                  | rN+ Str-3} (You found it on level 4 of the Dungeon)
  2373 | D:4      | Found a staircase to the Ecumenical Temple.
  2373 | D:4      | Noticed Eustachio
  2408 | D:4      | Killed Eustachio
  2417 | Temple   | Entered the Ecumenical Temple
  2422 | Temple   | Became a worshipper of Warmaster Okawaru
  2459 | D:5      | Entered Level 5 of the Dungeon
  2459 | D:5      | Found a deep blue altar of Sif Muna.
  2549 | D:5      | Reached skill level 3 in Shields
  2549 | D:5      | Gained mutation: You have razor-sharp teeth. [Vine Stalker
                  | growth]
  2549 | D:5      | Reached XP level 8. HP: 28/39 MP: 9/9
  2594 | D:5      | Reached * piety under Okawaru
  2652 | D:5      | Reached skill level 4 in Shields
  2682 | D:5      | Reached skill level 5 in Shields
  2694 | D:5      | Found Dosoih's Food Boutique.
  3177 | D:6      | Reached skill level 6 in Shields
  3221 | D:6      | Found a basalt altar of Yredelemnul.
  3346 | D:6      | Reached ** piety under Okawaru
  3346 | D:6      | Reached skill level 7 in Shields
  3346 | D:6      | Reached XP level 9. HP: 41/43 MP: 10/10
  3579 | D:6      | Found a sand-covered staircase.
  3590 | Ossuary  | Entered an ossuary
  3627 | Ossuary  | Reached skill level 8 in Shields
  3923 | D:7      | Reached skill level 9 in Shields
  4106 | D:7      | You fall into a shaft and drop 1 floor!
  4432 | D:7      | Reached *** piety under Okawaru
  4441 | D:7      | Reached skill level 1 in Dodging
  4519 | D:7      | You fall into a shaft and drop 2 floors!
  4592 | D:8      | Reached XP level 10. HP: 43/49 MP: 11/11
  4921 | D:9      | Reached skill level 5 in Armour
  4955 | D:9      | Found a runed translucent gate.
  4955 | D:9      | Found a runed translucent gate.
  4957 | D:9      | Found a runed translucent gate.
  4958 | D:9      | Noticed a spectral centaur warrior
  4958 | D:9      | Noticed a spectral centaur warrior
  4958 | D:9      | Noticed a spectral centaur warrior
  4961 | D:9      | Noticed mhoghedin's ghost (novice DrIE)
  5002 | D:10     | Entered Level 10 of the Dungeon
  5100 | D:10     | HP: 1/49 [something (4)]
  5105 | D:10     | Slain by an unseen horror

Levels and vault maps discovered:
D:1:      dpeg_arrival_oval, layout_basic
D:2:      layout_loops_ring, first_ration
D:3:      layout_rooms, chequers_serial_rivers_room_b
D:4:      layout_basic, minmay_temple_entry_hall, uniq_robin, uniq_eustachio
D:5:      layout_cave_pools, serial_shops,
          nicolae_shop_temple_entry_statues_fountains, basic_altar,
          columned_hall_lemuel, minmay_misc_feat_ornament, grunt_tough_drop
D:6:      layout_cave_pools, lemuel_zombie_altar_yredelemnul, enter_ossuary_3
D:7:      layout_basic, hangedman_decor_slide_cut
D:8:      kennysheep_big_flooded_room, layout_loops_corners,
          gammafunk_ghost_necromancy
D:9:      layout_gridville, serial_glass, glass_columns_a, glass_columns_b,
          gammafunk_ghost_necromancy
D:10:     layout_long_grid
Temple:   grunt_wide_crystal_templ

Skill      XL: |  1  2  3  4  5  6  7  8  9 10 |
---------------+-------------------------------+-----
Long Blades    | 2 3 4 5 6 8 |  8.0
Shields        | 3 7 9 |  9.0
Armour         | 4 5 |  5.1
Fighting       | 3 |  3.8
Dodging        | 1 2 |  2.7

Action                   |  1- 3 |  4- 6 |  7- 9 | 10-12 || total
-------------------------+-------+-------+-------+-------++-------
Melee: Long sword        |   113 |   200 |   461 |   111 ||   885
       Bite              |    43 |    70 |   164 |    44 ||   321
Invok: Heroism           |       |       |     2 |     3 ||     5
  Use: Scroll            |       |       |     1 |       ||     1
       Potion            |       |       |     2 |       ||     2
 Stab: Invisible         |       |       |     4 |       ||     4
  Eat: Chunk             |       |     4 |     5 |     5 ||    14
       Ration            |       |       |     1 |       ||     1
Armor: Scale mail        |    51 |   101 |   130 |    41 ||   323
Dodge: Dodged            |    29 |    67 |    97 |    26 ||   219
Block: Shield            |    71 |   121 |   314 |    69 ||   575
       Reflection        |       |     2 |     6 |       ||     8
       Rpst.: Long sword |    11 |    13 |    40 |     5 ||    69

Table legend:
 A = Non-vault XP
 B = Vault XP
 C = Vault XP percentage of total XP
 D = Non-vault monster count
 E = Vault monster count
 F = Vault count percentage of total count
                 A         B        C        D         E       F
            +---------+---------+-------+---------+---------+-------
      Total |    4792 |    1028 |  17.7 |     192 |      34 |  15.0
            +---------+---------+-------+---------+---------+-------
        D:1 |      62 |       0 |   0.0 |      36 |       0 |   0.0
        D:2 |      89 |       0 |   0.0 |      28 |       0 |   0.0
        D:3 |     216 |      10 |   4.4 |      16 |       5 |  23.8
        D:4 |     260 |     230 |  46.9 |      14 |       8 |  36.4
        D:5 |     967 |      57 |   5.6 |      25 |       3 |  10.7
        D:6 |     858 |       3 |   0.3 |      29 |       3 |   9.4
        D:7 |     707 |       0 |   0.0 |      14 |       0 |   0.0
        D:8 |     229 |       0 |   0.0 |       5 |       0 |   0.0
        D:9 |    1170 |       0 |   0.0 |      21 |       0 |   0.0
       D:10 |     234 |       0 |   0.0 |       4 |       0 |   0.0
    Ossuary |       0 |     728 | 100.0 |       0 |      15 | 100.0
            +---------+---------+-------+---------+---------+-------
